 Dungeon Crawl Stone Soup version 0.29-a0-352-g0917bc69df (webtiles) character file.

Game seed: 8108419996478043705

176 NinjaNoafa the Skirmisher (level 5, -2/44 (47) HPs)
             Began as a Draconian Monk on Apr 24, 2022.
             Slain by a wight
             ... wielding a +4 mace
              (9 damage)
             ... on level 3 of the Dungeon.
             The game lasted 00:04:20 (2440 turns).

NinjaNoafa the Skirmisher (Draconian Monk)          Turns: 2440, Time: 00:04:23

HP:   -2/44 (47)    AC:  5    Str: 21    XL:     5   Next: 30%
MP:   0/5           EV: 13    Int: 11    God:
Gold: 145           SH:  0    Dex: 17    Spells: 4/4 levels left

rFire   + . .      SeeInvis .   e - +2 dagger (speed)
rCold   . . .      Faith    .   (no shield)
rNeg    . . .      Spirit   +   (body armour unavailable)
rPois   .          Reflect  .   (helmet restricted)
rElec   .          Harm     .   (no cloak)
rCorr   .          Rampage  .   (no gloves)
Will    .....                   (no boots)
Stlth   +.........              h - amulet of guardian spirit
HPRegen 0.14/turn               f - +6 ring of strength
MPRegen 0.09/turn               (no ring)

@: silenced, drained
A: AC +5, unfitting armour, cold-blooded, agile 1, fire resistance 1, screaming
1, strong 1
a: no special abilities


You were on level 3 of the Dungeon.
You visited 1 branch of the dungeon, and saw 3 of its levels.

You collected 145 gold pieces.

Inventory:

Hand Weapons
 e - a +2 dagger of speed (weapon)
Missiles
 b - 2 poisoned darts (quivered)
 c - a throwing net
 l - 37 stones
Jewellery
 f - a +6 ring of strength (left hand)
 h - an amulet of guardian spirit (around neck)
Wands
 a - a wand of flame (24)
Scrolls
 d - 2 scrolls of immolation
 m - a scroll of blinking


   Skills:
 + Level 4.3 Fighting
 + Level 3.9 Short Blades
 + Level 3.6 Dodging
 + Level 3.0 Stealth
 + Level 0.2 Spellcasting
 + Level 0.2 Evocations


You had 4 spell levels left.
You didn't know any spells.
Your spell library contained the following spells:

 Spells                   Type           Power      Damage    Failure   Level
 Shock                    Conj/Air       0%         1d3       34%         1
 Call Canine Familiar     Summ           0%         N/A       71%         3
 Ozocubu's Armour         Ice            0%         N/A       71%         3
 Portal Projectile        Hex/Tloc       0%         N/A       71%         3
 Swiftness                Air            0%         N/A       71%         3
 Airstrike                Air            0%         N/A       98%         4
 Leda's Liquefaction      Hex/Erth       0%         N/A       98%         4
 Ozocubu's Refrigeration  Ice            0%         4d5       100%        7


Dungeon Overview and Level Annotations

Branches:
Dungeon (3/15)

Altars:
Xom


Innate Abilities, Weirdness & Mutations

Your plain brown scales are hard. (AC +5)
You cannot fit into any form of body armour.
You are cold-blooded and may be slowed by cold attacks.
You are agile. (Dex +2)
Your flesh is heat resistant. (rF+)
You occasionally shout uncontrollably at your foes.
Your muscles are strong. (Str +2)


Message History

You now have 131 gold pieces (gained 6).
You see here a +0 dagger.
You now have 145 gold pieces (gained 14).
Found an escape hatch in the floor.
An orc comes into view. It is wielding a +0 flail.
The orc shouts!
A wight comes into view. It is wielding a +5 scimitar.
A wight comes into view. It is wielding a +0 dire flail.
A wight comes into view. It is wielding a +4 mace.
The orc hits you with a +0 flail.
A wight comes into view. It is wielding a +1 dagger of venom.
You hit the orc. You tail-slap the orc.
You kill the orc!
You see here a +0 flail.
The wight hits you with a +5 scimitar.
You closely miss the wight. The wight closely misses you.
The wight hits the bush with a +4 mace!
You hit the wight.
The wight is lightly damaged.
The wight hits you with a +5 scimitar.
You feel drained.
The wight hits the bush with a +4 mace!
You barely miss the wight.
The wight is lightly damaged.
You closely miss the wight.
You tail-slap the wight, but do no damage.
The wight is lightly damaged.
The wight hits you with a +5 scimitar!
The wight completely misses the bush.
You hit the wight but do no damage.
The wight is lightly damaged.
The wight attacks as you move away! The wight barely misses you.
You hit the wight but do no damage.
The wight is lightly damaged.
You aren't carrying any potions.
As you read the scroll of silence, it crumbles to dust.
A profound silence engulfs you. The wight hits you with a +5 scimitar!
* * * LOW HITPOINT WARNING * * *
You feel drained.
* * * LOW HITPOINT WARNING * * *
The wight hits you with a +4 mace!
You die...

#.......# #..........
#....)..# #..........
#.......# #.........
........########.....###
........'....÷...÷)..#
........########.....#
........# ######.....#
........# #>.........#
........# #....z@....#
........# #..##z##...#
######### ## #PzP#...#
##≈.≈##..#
.♣.##≈≈z≈≈####
...P≈≈≈)≈≈≈P#
8..............
...P≈≈≈.≈≈≈P##.
.♣.##≈≈.≈≈###


You could see 4 wights.

Vanquished Creatures
  A jelly (D:3)
  Jessica (D:2)
  3 adders (D:2)
  4 gnolls (D:2)
  A dart slug (D:2)
  An orc (D:3)
  5 endoplasms
  2 giant cockroaches (D:1)
  3 goblins (D:1)
  5 hobgoblins
  7 jackals
  2 ball pythons (D:1)
  7 bats
  A frilled lizard (D:2)
  4 kobolds
  7 rats
54 creatures vanquished.

Vanquished Creatures (others)
  3 demonic plants (D:2)
  2 plants (D:2)
  A withered plant (D:2)
6 creatures vanquished.

Grand Total: 60 creatures vanquished

Notes
Turn   | Place    | Note
-------+----------+-------------------------------------------
     0 | D:1      | NinjaNoafa the Draconian Monk began the quest for the Orb.
     0 | D:1      | Reached XP level 1. HP: 19/19 MP: 1/1
   117 | D:1      | Reached XP level 2. HP: 26/26 MP: 2/2
   599 | D:2      | Found a faded altar of an unknown god.
   674 | D:2      | Reached XP level 3. HP: 33/33 MP: 3/3
   762 | D:2      | Found a shimmering altar of Xom.
  1133 | D:2      | Noticed Jessica
  1134 | D:2      | Gained mutation: You occasionally shout uncontrollably at
                  | your foes. [potion of mutation]
  1134 | D:2      | Gained mutation: You are agile. (Dex +2) [potion of
                  | mutation]
  1134 | D:2      | Gained mutation: Your flesh is heat resistant. (rF+)
                  | [potion of mutation]
  1134 | D:2      | Gained mutation: Your muscles are strong. (Str +2) [potion
                  | of mutation]
  1189 | D:2      | Reached XP level 4. HP: 21/40 MP: 4/4
  1193 | D:2      | Reached skill level 4 in Fighting
  1205 | D:2      | HP: 1/40 [gnoll/+0 whip (5)]
  1658 | D:2      | Killed Jessica
  1936 | D:2      | Reached XP level 5. HP: 45/46 MP: 5/5
  2440 | D:3      | Slain by a wight

Illustrated notes

Levels and vault maps discovered:
D:1:      ncdulo_halloftheorcs, layout_rooms
D:2:      layout_loops_ring, basic_altar, shapermc_ecumenical_altar_gd,
          kennysheep_big_empty_room, uniq_jessica
D:3:      layout_basic, dreamdust_princess_bridge, serial_bayou_pond_d

Skill      XL: |  1  2  3  4  5 |
---------------+----------------+-----
Stealth        | 2 3 |  3.0
Dodging        | 3 |  3.6
Fighting       | 4 |  4.3
Short Blades   | |  3.9
Spellcasting   | |  0.2
Evocations     | |  0.2

Action                   |  1- 3 |  4- 6 || total
-------------------------+-------+-------++-------
Melee: Short sword       |    11 |       ||    11
       Dagger            |   124 |    81 ||   205
       Tailslap          |    13 |    13 ||    26
  Use: Scroll            |     5 |     4 ||     9
       Potion            |     3 |       ||     3
 Stab: Sleeping          |     7 |     2 ||     9
       Distracted        |     1 |       ||     1
Armor: Skin              |    30 |     9 ||    39
Dodge: Dodged            |    67 |    38 ||   105

Table legend: (Time is in decaauts)
 A = Elapsed time spent in this place.
 B = Non-inter-level travel time spent in this place.
 C = Inter-level travel time spent in this place.
 D = Time resting spent in this place.
 E = Time spent auto-exploring this place.
 F = Levels seen in this place.
 G = Mean time per level.
                   A        B        C        D        E       F      G
               +--------+--------+--------+--------+--------+-----+--------+
         Total |   2352 |   2266 |     86 |      0 |   1844 |   3 |  784.0 |
       Dungeon |   2352 |   2266 |     86 |      0 |   1844 |   3 |  784.0 |
               +--------+--------+--------+--------+--------+-----+--------+

Top non-repeatable levels by time:
     D:2: 1329 daAuts
     D:1: 560 daAuts
     D:3: 462 daAuts
